 Dungeon Crawl Stone Soup version 0.20.1-1-g8b1a95d (webtiles) character file.

1743 letownia2 the Reanimator (level 8, -1/72 HPs)
             Began as a Deep Dwarf Necromancer on Nov 7, 2017.
             Was an Initiate of Gozag.
             Slain by an orc warrior
             ... wielding a +0 war axe
              (12 damage)
             ... on level 7 of the Dungeon.
             The game lasted 00:15:08 (6543 turns).

letownia2 the Reanimator (Deep Dwarf Necromancer)   Turns: 6543, Time: 00:15:09

Health: -1/72      AC:  6    Str: 12      XL:     8   Next: 77%
Magic:  3/15       EV:  9    Int: 18      God:    Gozag
Gold:   96         SH:  0    Dex: 11 (13) Spells: 13/17 levels left

rFire    . . .     SeeInvis .   a - +2 hand axe (freeze)
rCold    . . .     Gourm    +   (no shield)
rNeg     . . .     Faith    .   h - +0 scale mail
rPois    .         Spirit   .   (no helmet)
rElec    .         Reflect  .   (no cloak)
rCorr    .         Harm     .   (no gloves)
MR       +....                  (no boots)
Stlth    +.........             e - amulet of the gourmand
Regen    0.0/turn               (no ring)
MPRegen  0.2/turn               (no ring)

@: non-regenerating
A: damage resistance, heal wounds, sense surroundings 1, no regeneration
a: Heal Wounds, Potion Petition, Call Merchant, Bribe Branch, Renounce Religion


You were on level 7 of the Dungeon.
You worshipped Gozag.
Gozag was noncommittal.
You were very hungry.

You visited 2 branches of the dungeon, and saw 8 of its levels.

You collected 935 gold pieces.
You paid 839 gold pieces to Gozag.

Inventory:

Hand Weapons
 a - a +2 hand axe of freezing (weapon)
 b - a +2 whip of flaming
 o - a +0 war axe
 Q - a +0 blowgun
 S - a +0 flail of protection
Missiles
 d - 8 javelins (quivered)
 R - 7 needles of confusion
 T - 6 javelins of penetration
Armour
 h - a +0 scale mail (worn)
 i - a +0 cloak
 l - a +0 robe
 p - a +0 ring mail
Jewellery
 e - an amulet of the gourmand (around neck)
 O - an uncursed ring of fire
Wands
 D - a wand of iceblast (3/15)
 I - a wand of clouds (3/9)
 U - a wand of digging (13/24)
Scrolls
 g - 3 scrolls of remove curse
 j - a scroll of teleportation {unknown}
 n - 3 scrolls of enchant weapon
 q - a scroll of fear
 u - a scroll of blinking {unknown}
 v - a scroll of recharging {unknown}
 w - 6 scrolls of identify
 y - 2 scrolls of immolation {unknown}
 B - a scroll of magic mapping {unknown}
 E - 2 scrolls of amnesia {unknown}
 M - a scroll of random uselessness {unknown}
 N - a scroll of fog {unknown}
Potions
 k - a potion of haste {unknown}
 r - 3 potions of lignification {unknown}
 s - 4 potions of curing {unknown}
 t - a potion of ambrosia {unknown}
 x - 2 potions of degeneration {unknown}
 z - a potion of cancellation {unknown}
 A - a potion of flight {unknown}
 C - a potion of might {unknown}
 F - a potion of berserk rage {unknown}
 G - a potion of brilliance {unknown}
 J - 3 potions of heal wounds {unknown}
 K - a potion of resistance {unknown}
 L - a potion of mutation {unknown}
 P - a potion of invisibility {unknown}
Comestibles
 c - 3 bread rations
 f - 13 fruits
 m - 3 meat rations
 H - 2 royal jellies


   Skills:
 - Level 4.1 Fighting
 + Level 2.1 Axes
 - Level 3.1 Armour
 - Level 2.1 Dodging
 - Level 2.4 Stealth
 + Level 5.3 Spellcasting
 - Level 9.0 Necromancy
 + Level 1.3 Evocations


You had 13 spell levels left.
You knew the following spells:

 Your Spells              Type           Power        Failure   Level  Hunger
a - Pain                  Necr           ####         1%          1    None
v - Vampiric Draining     Necr           #####.....   4%          3    ##.....


Dungeon Overview and Level Annotations

Branches:
Dungeon (7/15)             Temple (1/1) D:5

Altars:
Ashenzari
Cheibriados
Dithmenos
Elyvilon
Fedhas
Gozag
Hepliaklqana
Kikubaaqudgha
Makhleb
Nemelex Xobeh
Okawaru
Qazlal
Ru
Sif Muna
Trog
Uskayaw
Vehumet
Xom
Yredelemnul
Zin
The Shining One

Shops:
D:2 *   D:5 ?   D:7 =

Annotations:
D:6 DIG


Innate Abilities, Weirdness & Mutations

You are resistant to damage.
You can heal yourself by infusing magical energy.
You passively map a small area around you.
You do not regenerate.


Message History

Confirm with . or Enter, or press ? or * to list all spells.
Aiming: Vampiric Draining
Press: ? - help, Shift-Dir - straight line, f/p - orc warrior
Aim: an orc warrior, wielding a war axe and wearing a plate armour (moderately wounded)
The orc warrior is severely wounded.
You feel life coursing into your body.
The orc warrior hits you with a war axe.
* * * LOW HITPOINT WARNING * * *
Unknown command.
Unknown command.
Casting: Vampiric Draining
Confirm with . or Enter, or press ? or * to list all spells.
Aiming: Vampiric Draining
Press: ? - help, Shift-Dir - straight line, f/p - orc warrior
Aim: an orc warrior, wielding a war axe and wearing a plate armour (severely wounded)
The orc warrior is almost dead.
You feel life coursing into your body.
The orc warrior hits you with a war axe!
You die...
Your body crumbles into a pile of gold.

...#.## #####....##
.......#..# #.....#
####.#.#.#######
#....#.#.......##
#.####.######...####
##.####.####..).....#
#...............@##.#
#..##########.#o###.### #..#
#.#W#....o#
...##########"#o#.#*#(######
...............o..###....oo#
#.########..........#.####.#
#.# #.##.#....$o.####$# #.#
#.#.....>.o..W....# #.#
#...<.......######.#


You could see a phantom, an orc warrior and 2 orc priests.

Vanquished Creatures
  Pikel (D:4)
  An ice beast (D:5)
  A sky beast (D:5)
  4 slaves
  2 ogres
  A centaur (D:5)
  2 bullfrogs
  A scorpion (D:4)
  3 crimson imps
  A hound (D:4)
  A quasit (D:6)
  2 orc priests (D:4)
  An iguana (D:5)
  9 worker ants
  A hound zombie (D:7)
  A howler monkey zombie (D:5)
  2 worker ant zombies
  6 adders
  An adder skeleton (D:4)
  An adder zombie (D:5)
  2 worms
  10 dart slugs (D:3)
  4 leopard geckos
  4 orcs
  A ball python (D:1)
  4 bats
  7 giant cockroaches
  6 goblins
  10 hobgoblins
  4 jackals (D:2)
  4 kobolds
  A quokka (D:4)
  3 frilled lizards
  A jackal zombie (D:6)
  A quokka skeleton (D:4)
  7 rats
111 creatures vanquished.

Notes
Turn   | Place    | Note
-------+----------+-------------------------------------------
     0 | D:1      | letownia2 the Deep Dwarf Necromancer began the quest for the Orb.
     0 | D:1      | Reached XP level 1. HP: 15/15 MP: 3/3
   502 | D:2      | Found Zin's Purification Station.
   506 | D:2      | Found a glowing silver altar of Zin.
   621 | D:3      | Reached XP level 2. HP: 16/22 MP: 0/5
   951 | D:4      | Reached skill level 5 in Necromancy
   951 | D:4      | Reached XP level 3. HP: 11/28 MP: 0/6
   956 | D:4      | Learned a level 3 spell: Vampiric Draining
   963 | D:4      | Noticed an ogre
  1005 | D:4      | Reached XP level 4. HP: 14/36 MP: 1/8
  1177 | D:4      | Reached skill level 1 in Armour
  1267 | D:4      | Reached XP level 5. HP: 17/42 MP: 0/9
  1464 | D:4      | Reached skill level 6 in Necromancy
  1752 | D:4      | Noticed a slave
  1752 | D:4      | Noticed a slave
  1753 | D:4      | Noticed Pikel
  1808 | D:5      | Entered Level 5 of the Dungeon
  1808 | D:5      | Found a staircase to the Ecumenical Temple.
  1842 | Temple   | Entered the Ecumenical Temple
  1944 | Temple   | Became a worshipper of Gozag Ym Sagoz the Greedy
  2038 | D:5      | Noticed an ice beast
  2366 | D:5      | Killed an ice beast
  2366 | D:5      | Reached skill level 7 in Necromancy
  2366 | D:5      | Reached XP level 6. HP: 9/49 MP: 0/10
  2724 | D:5      | Found Min Odghioku's Magic Scroll Emporium.
  2891 | D:4      | Noticed a slave
  2922 | D:4      | Killed a slave
  3725 | D:2      | Reached skill level 1 in Fighting
  4717 | D:4      | Reached XP level 7. HP: 50/57 MP: 1/12
  4824 | D:5      | Reached skill level 8 in Necromancy
  4925 | D:5      | HP: 3/60 [ogre/giant club (13)]
  4930 | D:5      | HP: 3/61 [centaur (2)]
  5462 | D:4      | Killed Pikel
  5462 | D:4      | Reached skill level 9 in Necromancy
  5462 | D:4      | Reached XP level 8. HP: 39/72 MP: 0/15
  5835 | D:6      | Reached skill level 5 in Spellcasting
  5923 | D:6      | Reached skill level 1 in Axes
  6393 | D:7      | Reached skill level 1 in Evocations
  6540 | D:7      | HP: 2/72 [orc warrior/war axe (6)]
  6543 | D:7      | Slain by an orc warrior

Skill      XL: |  1  2  3  4  5  6  7  8 |
---------------+-------------------------+-----
Spellcasting   | 2 3 4 5 |  5.3
Necromancy     | 5 7 9 |  9.0
Armour         | 1 2 3 |  3.1
Fighting       | 1 3 4 |  4.1
Axes           | 2 |  2.1
Evocations     | 1 |  1.3
Dodging        | |  2.1
Stealth        | |  2.4

Action                   |  1- 3 |  4- 6 |  7- 9 || total
-------------------------+-------+-------+-------++-------
Melee: Unarmed           |     1 |       |       ||     1
       Hand axe          |       |    97 |   139 ||   236
       Whip              |       |       |     7 ||     7
Throw: Javelin           |     1 |     6 |     4 ||    11
 Cast: Pain              |    32 |    79 |     9 ||   120
       Vampiric Draining |       |    37 |    40 ||    77
Invok: Call Merchant     |       |       |     1 ||     1
Evoke: Wand              |       |       |     1 ||     1
  Use: Scroll            |       |       |     4 ||     4
 Stab: Distracted        |       |       |     1 ||     1
  Eat: Chunk             |     9 |     9 |     7 ||    25
Armor: Robe              |     3 |     4 |       ||     7
       Scale mail        |       |    36 |    96 ||   132
Dodge: Dodged            |    16 |    86 |    90 ||   192
